Map: Neon Violet Square LE

Players

Optimus

  • Race: Terran Terran
  • Spawn Location: 11:00

kauP - Winner!

  • Race: Terran Terran
  • Spawn Location: 5:00

Event: WCS Leipzig 2018

VOD

Have the link to the VOD?

Description

Time

  • Played on: Jan. 26, 2018, 12:28 p.m.
  • Length: 19:24

All games in this series

Show
View Real Time Build Order
Export as new Build Order

Optimus Terran 

Build Orders: Gas First Reaper Expand, Reaper Expand 

Get SALT Encoding   

  12  0:00  SCV  
  13  0:12  SCV  
  14  0:18  Supply Depot  
  14  0:24  SCV  
  15  0:29  Refinery  
  15  0:40  SCV  
  16  0:46  Barracks  
  16  0:52  SCV  
  17  1:04  SCV  
  18  1:16  SCV  
  19  1:33  Orbital Command, Reaper  
  20  1:48  Command Center  
  20  1:59  Factory  
  20  2:06  Reaper  
  20  2:08  SCV  
  22  2:14  Supply Depot  
  22  2:21  Refinery, SCV  
  23  2:35  SCV  
  23  2:40  Barracks Reactor  
  23  2:47  SCV  
  26  2:51  Hellion  
  26  2:54  Starport  
  26  3:00  SCV  
  26  3:02  Orbital Command  
  27  3:12  SCV  
  28  3:22  Supply Depot  
  28  3:24  SCV  
  29  3:32  Cyclone  
  29  3:33  SCV, Cyclone  
  36  3:36  SCV  
  37  3:43  Factory  
  37  3:46  SCV  
  38  3:48  SCV, Engineering Bay  
  37  3:57  Barracks Reactor  
  35  4:05  Cyclone  
  35  4:08  SCV  
  37  4:11  SCV  
  37  4:16  Missile Turret  
  38  4:17  Missile Turret  
  38  4:22  Missile Turret  
  38  4:23  SCV  
  39  4:26  SCV  
  39  4:27  Refinery  
  39  4:35  SCV  
  40  4:42  SCV  
  41  4:46  Refinery, Cyclone  
  41  4:48  Cyclone  
  41  4:49  SCV  
  48  4:59  Supply Depot  
  48  5:01  SCV  
  48  5:04  SCV  
  49  5:08  Cyclone  
  52  5:16  SCV  
  52  5:18  SCV  
  52  5:21  Cyclone  
  57  5:24  Supply Depot  
  57  5:29  SCV  
  57  5:30  Cyclone  
  62  5:41  SCV  
  62  5:42  Barracks Tech Lab  
  62  5:43  SCV  
  62  5:44  Factory  
  61  5:54  SCV  
  61  5:55  SCV  
  60  6:05  Cyclone  
  60  6:06  SCV, Cyclone  
  60  6:08  SCV  
  68  6:20  Command Center  
  68  6:23  SCV x2  
  70  6:39  Supply Depot  
  70  6:40  Supply Depot  
  70  6:47  SCV  
  70  6:48  Cyclone  
  70  6:49  SCV  
  62  6:55  Cyclone x2  
  62  6:59  SCV  
  69  7:12  SCV x2  
  69  7:14  Factory  
  71  7:16  Supply Depot  
  71  7:24  SCV  
  71  7:26  Armory  
  71  7:27  Armory  
  69  7:30  SCV  
  69  7:32  Orbital Command  
  69  7:36  SCV  
  71  7:42  SCV  
  71  7:43  Factory  
  72  7:45  Factory  
  72  7:48  Barracks Tech Lab  
  72  7:50  SCV  
  70  7:54  SCV  
  70  7:55  Cyclone  
  74  7:59  SCV  
  75  8:06  SCV  
  75  8:09  Cyclone x2  
  75  8:10  SCV  
  77  8:15  Cyclone  
  77  8:18  SCV  
  72  8:23  SCV  
  72  8:25  SCV  
  71  8:29  Factory Tech Lab, Terran Vehicle And Ship Armor Level 1, Terran Vehicle Weapons Level 1  
  71  8:33  Cyclone  
  75  8:35  SCV  
  75  8:38  Siege Tank  
  75  8:39  SCV x2  
  80  8:43  Refinery x2  
  80  8:47  SCV, Supply Depot  
  81  8:51  SCV x2  
  81  8:54  Siege Tank  
  86  8:58  Starport, Barracks Reactor  
  86  9:01  SCV  
  87  9:03  SCV  
  87  9:04  Hellion x3  
  94  9:19  Siege Tank x2  
  94  9:21  SCV  
  94  9:22  Hellion  
  104  9:27  Siege Tank  
  104  9:31  Hellion x3, Command Center  
  112  9:40  Starport  
  112  9:41  Viking  
  112  9:44  Viking  
  116  9:48  Supply Depot x2  
  116  9:51  SCV  
  117  9:58  Supply Depot  
  117  9:59  Supply Depot  
  117  10:05  Barracks Reactor  
  117  10:10  SCV x2, Hellion x4, Siege Tank  
  117  10:14  Supply Depot  
  131  10:20  Viking x2  
  134  10:27  Terran Vehicle And Ship Armor Level 2, Terran Vehicle Weapons Level 2  
  134  10:41  Refinery  
  134  10:45  Orbital Command  
  134  10:50  Viking  
  134  10:52  Viking  
  134  10:53  Refinery  
  134  10:56  Command Center, Viking  
  140  11:00  Viking  
  142  11:12  Starport, Fusion Core, Siege Tank  
  142  11:13  Hellion  
  142  11:17  Siege Tank  
  150  11:20  Siege Tank  
  150  11:24  Supply Depot  
  153  11:27  SCV x2  
  155  11:35  SCV  
  149  11:40  SCV x2  
  149  11:41  SCV  
  149  11:44  Siege Tank  
  155  11:48  Viking  
  155  11:49  Siege Tank  
  155  11:50  Starport Tech Lab  
  155  11:51  SCV  
  155  11:52  SCV x2  
  163  11:56  Viking  
  163  12:00  Siege Tank  
  168  12:08  Supply Depot, Advanced Ballistics  
  168  12:10  Orbital Command  
  168  12:11  Liberator x2  
  168  12:13  Liberator  
  168  12:16  Hellion x2  
  168  12:19  Infernal Pre-Igniter, Liberator  
  172  12:23  Liberator  
  178  12:32  SCV x2  
  186  12:39  Hellion x5  
  186  12:44  Starport  
  189  12:49  SCV x2  
  191  12:54  Liberator x2  
  191  12:57  Hellion x3  
  197  13:11  Refinery  
  200  13:16  Hellion, Refinery  
  200  13:19  Viking  
  196  13:20  Viking  
  196  13:21  Hellion  
  197  13:31  Viking  
  199  13:38  Terran Vehicle Weapons Level 3, Terran Vehicle And Ship Armor Level 3  
  170  13:43  Hellion  
  170  13:44  Hellion x2, Siege Tank x2  
  170  13:45  Siege Tank  
  158  13:55  Viking x2  
  162  13:56  Hellion  
  152  14:05  Viking  
  139  14:10  Hellion  
  139  14:11  Hellion x2  
  139  14:13  Viking  
  139  14:15  Thor  
  139  14:16  Thor  
  148  14:27  Viking x2  
  128  14:31  Cyclone  
  120  14:38  Viking  
  120  14:43  Hellion  
  117  14:53  Viking, Starport Reactor  
  110  15:08  Siege Tank  
  110  15:09  Siege Tank  
  110  15:11  Liberator, Viking  
  110  15:13  Hellion  
  116  15:19  Liberator  
  116  15:20  Viking  
  113  15:22  Hellion  
  115  15:31  Liberator  
  115  15:37  Hellion  
  115  15:41  Liberator  
  103  15:45  Hellion x2  
  105  15:55  Orbital Command  
  105  16:00  Hellion  
  106  16:08  Liberator  
  106  16:09  SCV  
  106  16:11  Viking  
  103  16:13  Orbital Command, Liberator  
  103  16:15  Terran Ship Weapons Level 1  
  105  16:18  SCV  
  105  16:20  Hellion x2, SCV  
  116  16:37  SCV x3  
  119  16:42  Viking  
  117  16:47  Viking  
  119  16:56  Siege Tank  
  119  16:58  Liberator  
  122  17:05  Hellion, Liberator  
  122  17:06  Hellion  
  128  17:10  Refinery x2  
  126  17:18  Hellion x2  
  136  17:23  Orbital Command  
  136  17:26  SCV x3  
  139  17:32  Siege Tank  
  142  17:40  Hellion, Siege Tank  
  142  17:43  SCV x3  
  150  17:49  Siege Tank  
  153  18:01  SCV x2  
  153  18:04  Siege Tank  
  158  18:12  Siege Tank  
  158  18:16  Refinery  
  158  18:17  Hellion  
  158  18:18  Refinery  
  129  18:21  Thor  
  129  18:22  Viking  
  121  18:29  Hellion  
  121  18:31  Hellion  
  125  18:39  Hellion x2  
  125  18:40  Viking  
  129  18:57  Hellion  
Show
View Real Time Build Order
Export as new Build Order

kauP Terran - Winner!

Build Orders: Mech, Banshee Rush 

Get SALT Encoding   

  12  0:00  SCV  
  13  0:12  SCV  
  14  0:18  Supply Depot  
  14  0:25  SCV  
  15  0:38  Refinery  
  15  0:40  SCV  
  16  0:45  Barracks  
  16  0:52  SCV  
  17  1:04  SCV  
  18  1:16  SCV  
  20  1:33  Orbital Command  
  20  1:34  Reaper  
  20  1:52  Command Center  
  20  1:58  Factory  
  20  2:01  SCV  
  21  2:08  Supply Depot  
  21  2:15  SCV  
  22  2:16  Refinery, Reaper  
  23  2:29  SCV  
  24  2:41  SCV  
  24  2:44  Hellion  
  27  2:49  Starport  
  27  2:53  SCV  
  27  2:58  Barracks Tech Lab  
  28  3:04  Orbital Command  
  28  3:05  Hellion, SCV  
  31  3:18  SCV  
  32  3:28  Orbital Command  
  32  3:30  SCV  
  32  3:39  Banshee, Cloaking Field  
  32  3:40  Factory Tech Lab  
  35  3:42  SCV  
  35  3:44  Engineering Bay  
  36  3:54  SCV  
  37  4:00  SCV  
  38  4:04  Siege Tank  
  38  4:06  SCV  
  41  4:12  SCV  
  40  4:18  SCV  
  40  4:22  Banshee  
  44  4:24  SCV  
  44  4:26  Refinery  
  45  4:35  Command Center  
  45  4:37  SCV x2  
  45  4:45  Missile Turret  
  45  4:49  SCV  
  45  4:50  Refinery  
  46  4:54  Supply Depot x2  
  46  5:09  Factory  
  46  5:12  Factory  
  49  5:14  Siege Tank  
  49  5:16  SCV x2  
  51  5:28  SCV x2  
  53  5:30  Missile Turret  
  53  5:31  Banshee  
  56  5:40  SCV x2  
  58  5:46  Siege Tank  
  61  5:53  SCV  
  59  5:58  Orbital Command  
  59  6:00  Factory Reactor  
  59  6:01  Factory Tech Lab  
  56  6:09  Armory  
  56  6:11  Armory  
  54  6:12  SCV x2  
  54  6:15  Barracks Reactor  
  56  6:19  Siege Tank  
  56  6:23  SCV  
  56  6:24  SCV  
  61  6:31  Siege Tank  
  64  6:33  Missile Turret x2  
  64  6:35  SCV x2  
  66  6:40  Supply Depot  
  66  6:44  SCV  
  67  6:47  SCV  
  67  6:52  Siege Tank  
  67  6:54  Viking x2  
  63  7:08  Supply Depot  
  62  7:10  Supply Depot  
  62  7:12  Hellion, Siege Tank  
  62  7:13  Hellion  
  62  7:14  SCV  
  67  7:25  Siege Tank  
  67  7:28  SCV  
  67  7:29  SCV  
  72  7:31  Orbital Command  
  72  7:33  Terran Vehicle Weapons Level 1  
  72  7:34  Terran Vehicle And Ship Armor Level 1  
  72  7:41  SCV x2  
  74  7:52  Command Center  
  74  7:53  SCV  
  74  7:55  Hellion, Siege Tank  
  74  7:56  Hellion  
  74  7:57  Siege Tank  
  83  8:07  Refinery  
  65  8:27  Siege Tank  
  65  8:28  Hellion x2  
  65  8:29  Siege Tank  
  65  8:31  SCV x3  
  76  8:41  Refinery  
  76  8:43  SCV x2  
  78  8:53  Factory  
  78  8:55  Factory  
  78  8:57  Viking x2  
  78  8:58  Hellion x2  
  78  8:59  SCV  
  78  9:00  SCV  
  78  9:01  SCV  
  89  9:06  Orbital Command  
  89  9:11  SCV  
  89  9:12  SCV  
  91  9:18  Starport  
  91  9:19  SCV  
  91  9:23  SCV, Starport  
  91  9:27  SCV  
  92  9:32  SCV  
  92  9:34  Refinery, SCV, Terran Vehicle Weapons Level 2  
  92  9:35  Refinery, SCV, Terran Vehicle And Ship Armor Level 2  
  95  9:39  Siege Tank  
  95  9:43  Missile Turret  
  98  9:52  Factory Reactor  
  98  9:53  Factory Tech Lab, Viking x2  
  98  9:55  SCV  
  103  10:01  SCV x2, Barracks  
  105  10:12  Viking  
  105  10:13  Sensor Tower  
  107  10:14  Starport Tech Lab  
  107  10:16  Sensor Tower  
  107  10:17  Fusion Core  
  107  10:27  Viking x2  
  111  10:37  Infernal Pre-Igniter  
  111  10:41  Hellion x4  
  111  10:42  Viking  
  121  10:44  SCV x3  
  124  10:50  Supply Depot  
  124  10:52  Supply Depot  
  124  10:55  Liberator x2  
  124  11:02  Supply Depot  
  124  11:03  Advanced Ballistics  
  124  11:06  Starport  
  124  11:12  Hellion, Liberator x2  
  124  11:14  Hellion x2  
  124  11:15  Supply Depot  
  124  11:17  Supply Depot  
  136  11:31  Liberator  
  140  11:37  Liberator x2  
  133  11:55  Liberator x2  
  133  12:00  Command Center  
  139  12:04  Siege Tank x3  
  148  12:11  Terran Ship Weapons Level 1  
  148  12:14  Liberator  
  154  12:18  Terran Vehicle And Ship Armor Level 3  
  154  12:19  Hellion x3  
  161  12:38  Hellion x2  
  161  12:41  Supply Depot x2  
  165  12:48  Command Center  
  165  12:52  Viking  
  165  12:53  Viking  
  165  12:55  Viking  
  165  12:57  Supply Depot  
  171  13:00  Viking  
  163  13:14  Viking  
  163  13:25  Viking x3  
  164  13:29  Viking  
  150  13:44  Viking  
  150  13:47  Hellion x3  
  150  13:48  Hellion, Siege Tank x2  
  157  13:55  Viking x3  
  162  13:59  Viking  
  131  14:14  Viking  
  130  14:23  Siege Tank x2  
  133  14:24  Hellion  
  133  14:25  Hellion, Viking x3  
  133  14:29  Viking  
  143  14:37  SCV  
  143  14:38  SCV  
  139  14:48  Viking  
  141  14:55  Viking x3  
  147  15:00  SCV x3  
  146  15:08  Viking  
  132  15:26  Viking x3  
  132  15:27  Viking  
  133  15:34  Orbital Command  
  129  15:45  Viking  
  131  15:56  Viking  
  133  15:57  Thor  
  135  16:10  Thor  
  127  16:27  Thor  
  125  16:40  Thor  
  125  16:46  SCV x3  
  125  16:47  SCV  
  127  16:50  Viking x5  
  137  16:58  Orbital Command  
  137  17:08  SCV  
  137  17:09  SCV x2  
  140  17:20  Viking x3  
  147  17:22  SCV  
  147  17:35  SCV  
  147  17:38  Thor x2  
  147  17:39  Liberator x4  
  159  17:52  Refinery x2  
  171  18:00  Smart Servos  
  171  18:02  Siege Tank  
  171  18:04  Hellion x3, SCV x2  
  171  18:05  SCV x2  
  149  18:31  Thor x2  
  149  18:33  Hellion x2  
  149  18:34  Hellion x2, Viking, Thor  
  161  18:56  Hellion x3  
Tags
 
Add a new tag
Caveats
  • Supply blocks, unpowered buildings, or Contaminate may cause inaccurate times.
  • Supply counts are checked every 10 seconds.